 Dungeon Crawl Stone Soup version 0.30-a0-374-g95c0257040 (webtiles) character file.

Game seed: 3967327547657536871

1220 MTVSty1e the Poker (level 8, -1/53 HPs)
             Began as a Gargoyle Fighter on Nov 26, 2022.
             Slain by an ogre
             ... wielding a +0 giant club
              (17 damage)
             ... on level 4 of the Dungeon.
             The game lasted 00:05:02 (3947 turns).

MTVSty1e the Poker (Gargoyle Fighter)               Turns: 3947, Time: 00:05:02

Health: -1/53      AC: 15    Str: 23    XL:     8   Next: 47%
Magic:  8/8        EV:  9    Int:  8    God:
Gold:   198        SH:  4    Dex:  9    Spells: 7/7 levels left

rFire   . . .      SeeInvis .    a - +0 trident
rCold   . . .      Faith    .    c - +0 buckler
rNeg    + . .      Spirit   .    b - +0 scale mail
rPois   ∞          Reflect  .    l - +0 helmet
rElec   +          Harm     .    (no cloak)
rCorr   .          Rampage  .    d - +1 pair of gloves
Will    .....                    (no boots)
Stlth   ..........               e - amulet of regeneration
HPRegen 1.08/turn                (no ring)
MPRegen 0.11/turn                (no ring)

@: no status effects
A: sickness immunity, AC +5, negative energy resistance 1, electricity
resistance, torment resistance 1, petrification resistance
a: no special abilities


You were on level 4 of the Dungeon.
You visited 1 branch of the dungeon, and saw 6 of its levels.
You also visited: Sewer.

You collected 198 gold pieces.

Inventory:

Hand Weapons
 a - a +0 trident (weapon)
Armour
 b - a +0 scale mail (worn)
 c - a +0 buckler (worn)
 d - a +1 pair of gloves (worn)
 l - a +0 helmet (worn)
Jewellery
 e - an amulet of regeneration (around neck)
 t - a ring of wizardry
Scrolls
 f - 2 scrolls of poison {unknown}
 g - 5 scrolls of teleportation {unknown}
 i - 2 scrolls of magic mapping {unknown}
 k - 4 scrolls of identify {unknown}
 m - 2 scrolls of blinking {unknown}
 n - 2 scrolls of vulnerability {unknown}
 o - a scroll of enchant weapon {unknown}
 p - 2 scrolls of immolation {unknown}
 q - 2 scrolls of brand weapon {unknown}
 r - a scroll of butterflies {unknown}
 w - a scroll of enchant armour {unknown}
Potions
 h - a potion of curing {unknown}
 j - a potion of magic
 s - a potion of brilliance
 u - a potion of heal wounds
 v - a potion of invisibility {unknown}
 x - 4 potions of haste {unknown}
 z - a potion of mutation {unknown}
 A - a potion of degeneration {unknown}


   Skills:
 + Level 7.1 Fighting
 * Level 7.6 Polearms
 - Level 3.2 Armour
 - Level 3.2 Shields


You had 7 spell levels left.
You didn't know any spells.
Your spell library contained the following spells:

 Spells                   Type           Power      Damage    Failure   Level
 Magic Dart               Conj           0%         1d3       82%         1
 Call Imp                 Summ           0%         N/A       91%         2
 Mephitic Cloud           Conj/Pois/Air  0%         N/A       99%         3


Dungeon Overview and Level Annotations

Branches:
Dungeon (6/15)              Sewer (visited)
 Temple: D:4-7

Altars:
Kikubaaqudgha


Innate Abilities, Weirdness & Mutations

You are immune to sickness and miasma.
Your stone body is resilient. (AC +5)
You are immune to poison.
You resist negative energy. (rN+)
You are resistant to electric shocks. (rElec)
You are resistant to unholy torment.
You are immune to petrification.


Message History

HP restored.
An ogre comes into view. It is wielding a +0 giant club.
Found an ancient bone altar of Kikubaaqudgha.
The ogre shouts!
Found a dagger.
An ogre is nearby!
An ogre is nearby!
You hit the ogre.
The ogre is lightly wounded.
The ogre hits you with a +0 giant club!
You closely miss the ogre.
The ogre is lightly wounded.
The ogre hits you but does no damage.
You hit the ogre.
The ogre is lightly wounded.
You hit the ogre.
The ogre is moderately wounded.
The ogre hits you with a +0 giant club.
You hit the ogre.
The ogre is heavily wounded.
The ogre hits you with a +0 giant club!
You puncture the ogre!
The ogre is almost dead.
You hit the ogre but do no damage.
The ogre is almost dead.
The ogre hits you with a +0 giant club!
* * * LOW HITPOINT WARNING * * *
You are too injured to fight recklessly!
You are too injured to fight recklessly!
You are too injured to fight recklessly!
You are too injured to fight recklessly!
You are too injured to fight recklessly!
You are too injured to fight recklessly!
You are too injured to fight recklessly!
You are too injured to fight recklessly!
You are too injured to fight recklessly!
You hit the ogre.
The ogre is almost dead.
The ogre hits you with a +0 giant club!
You die...

.. ##.. # .'.. .# # #.#
# ... ... # ... ##.###
### ... °...☼# ..#
##'### ####.....#. #.#
#.... # #..@O._.... #.#
#..# #.# #.##....)##
#.###..###.###.##°...§#
........##.#....###.###
#.##................#
#.###......#.#.######
#.# ##...###.#.# ..#
##......#.# ###
##.#####.#


You could see an ogre.

Vanquished Creatures
  Prince Ribbit (D:6)
  Sigmund (D:3)
  A water moccasin (D:6)
  An ogre (D:6)
  A kobold brigand (Sewer)
  A necrophage (D:4)
  A scorpion (D:4)
  A gnoll bouda (D:4)
  2 hounds (D:4)
  2 jellies
  An iguana (D:5)
  Terence (D:3)
  4 gnolls (D:4)
  11 adders
  5 river rats (Sewer)
  A shadow imp (D:4)
  An ufetubus (D:6)
  4 worms
  3 dart slugs (D:2)
  An orc (D:6)
  8 ball pythons
  An endoplasm (D:1)
  4 giant cockroaches
  A goblin (D:2)
  3 hobgoblins
  5 jackals (D:2)
  2 quokkas
  3 bats
  4 frilled lizards
  20 kobolds
  20 rats
115 creatures vanquished.

Notes
Turn   | Place    | Note
-------+----------+-------------------------------------------
     0 | D:1      | MTVSty1e the Gargoyle Fighter began the quest for the Orb.
     0 | D:1      | Reached XP level 1. HP: 14/14 MP: 1/1
   285 | D:1      | Reached XP level 2. HP: 19/19 MP: 2/2
   290 | D:1      | Found a faded altar of an unknown god.
   728 | D:2      | Reached XP level 3. HP: 22/24 MP: 3/3
  1649 | D:3      | Reached XP level 4. HP: 29/29 MP: 4/4
  1752 | D:3      | Noticed Terence
  1753 | D:3      | Noticed Sigmund
  1791 | D:3      | Killed Sigmund
  1792 | D:3      | Reached XP level 5. HP: 12/34 MP: 5/5
  1792 | D:3      | Reached XP level 6. HP: 14/40 MP: 6/6
  1795 | D:3      | Killed Terence
  1796 | D:3      | Reached skill level 5 in Fighting
  2167 | D:3      | Reached skill level 5 in Polearms
  2204 | D:3      | You fall into a shaft and drop 3 floors!
  2209 | D:6      | Noticed Prince Ribbit
  2210 | D:6      | Noticed a water moccasin
  2231 | D:6      | Killed a water moccasin
  2242 | D:6      | Killed Prince Ribbit
  2243 | D:6      | Reached XP level 7. HP: 27/45 MP: 7/7
  2471 | D:5      | Entered Level 5 of the Dungeon
  2560 | D:4      | Found a glowing drain.
  2613 | Sewer    | Entered a sewer
  2686 | Sewer    | Reached XP level 8. HP: 50/52 MP: 8/8
  3937 | D:4      | Found an ancient bone altar of Kikubaaqudgha.
  3947 | D:4      | Slain by an ogre

Illustrated notes

Levels and vault maps discovered:
D:1:      zaba_arrival_water, layout_loops_ring,
          dreamdust_ecumenical_altar_grove, hangedman_abyss_or_decor_stabs
D:2:      layout_loops_corners
D:3:      layout_loops_ring, minmay_hedge_maze, solitary_fountain, minmay_puff,
          uniq_terence, uniq_sigmund
D:4:      layout_loops_corners, nicolae_kikubaaqudgha_miasma_corner,
          cheibrodos_sewer_entry_bend, lightli_minifort
D:5:      layout_basic, mainiacjoe_overflow_cross_hatched, serial_shops,
          nicolae_lakefront_shop, kennysheep_generic_room_10
D:6:      minmay_evil_eye, layout_basic, xom_teletrap_fun,
          grunt_temple_overflow_open, minmay_misc_feat_hallway,
          uniq_prince_ribbit1

Skill      XL: |  1  2  3  4  5  6  7  8 |
---------------+-------------------------+-----
Polearms       | 2 3 4 6 7 |  7.6
Fighting       | 4 5 6 7 |  7.1
Armour         | |  3.2
Shields        | |  3.2

Action                   |  1- 3 |  4- 6 |  7- 9 || total
-------------------------+-------+-------+-------++-------
Melee: Trident           |   136 |   111 |   329 ||   576
  Use: Potion            |       |     2 |     3 ||     5
Armor: Scale mail        |    55 |    49 |   184 ||   288
Dodge: Dodged            |    59 |    44 |   158 ||   261
Block: Buckler           |    26 |    20 |    64 ||   110

Table legend: (Time is in decaauts)
 A = Elapsed time spent in this place.
 B = Non-inter-level travel time spent in this place.
 C = Inter-level travel time spent in this place.
 D = Time resting spent in this place.
 E = Time spent auto-exploring this place.
 F = Levels seen in this place.
 G = Mean time per level.
                   A        B        C        D        E       F      G
               +--------+--------+--------+--------+--------+-----+--------+
         Total |   4017 |   3896 |    121 |     66 |   2818 |   7 |  573.9 |
       Dungeon |   3370 |   3249 |    121 |     66 |   2406 |   6 |  561.7 |
         Sewer |    647 |    647 |      0 |      0 |    411 |   1 |  647.0 |
               +--------+--------+--------+--------+--------+-----+--------+

Top non-repeatable levels by time:
     D:2: 994 daAuts
     D:3: 850 daAuts
   Sewer: 647 daAuts
     D:1: 605 daAuts
     D:4: 587 daAuts
     D:6: 269 daAuts
     D:5: 62 daAuts
